 Dungeon Crawl Stone Soup version 0.24.1 (webtiles) character file.

Game seed: 1797751294189930962, levelgen mode: deterministic

56 MajorAdolf the Cutter (level 3, -4/31 HPs)
             Began as a Naga Wanderer on Apr 6, 2020.
             Slain by a goblin
             ... wielding a +0 dagger
             ... led by Robin
              (6 damage)
             ... on level 3 of the Dungeon.
             The game lasted 00:06:06 (3328 turns).

MajorAdolf the Cutter (Naga Wanderer)               Turns: 3328, Time: 00:06:06

Health: -4/31      AC:  3    Str: 13    XL:     3   Next: 95%
Magic:  4/4        EV:  9    Int: 18    God:
Gold:   99         SH:  0    Dex: 10    Spells: 4/4 levels left

rFire    . . .     SeeInvis +   f - +1 dagger
rCold    . . .     Gourm    .   (no shield)
rNeg     . . .     Faith    .   e - +0 robe
rPois    +         Spirit   .   (no helmet)
rElec    .         Reflect  .   (no cloak)
rCorr    .         Harm     .   j - +0 pair of gloves
MR       .....                  (no barding)
Stlth    ++........             (no amulet)
HPRegen  0.10/turn              c - +4 ring of intelligence
MPRegen  0.09/turn              (no ring)

@: short of breath, very slow
A: large, see invisible, deformed body, poison resistance, slowness 2, slow
metabolism 1, spit poison 1, AC +1
a: Spit Poison


You were on level 3 of the Dungeon.
You were not hungry.

You visited 1 branch of the dungeon, and saw 3 of its levels.

You collected 99 gold pieces.

Inventory:

Hand Weapons
 a - a +2 shortbow
 f - a +1 dagger (weapon)
Missiles
 b - 22 arrows
 h - 6 stones (quivered)
Armour
 e - a +0 robe (worn)
 j - a +0 pair of gloves (worn)
Jewellery
 c - a +4 ring of intelligence (left hand)
Scrolls
 k - 2 scrolls of remove curse
 l - 4 scrolls of identify
Comestibles
 d - 4 chunks of flesh
 g - 4 rations


   Skills:
 - Level 1.0 Fighting
 + Level 3.4 Short Blades
 - Level 1.0 Bows
 - Level 1.0 Armour
 - Level 3.0 Stealth
 - Level 1.0 Spellcasting
   Level 2.0 Summonings
   Level 2.6 Poison Magic


You had 4 spell levels left.
You didn't know any spells.
Your spell library contained the following spells:

 Spells                   Type           Power        Failure   Level  Hunger
 Summon Small Mammal      Summ           #...         9%          1    ##.....
 Recall                   Summ/Tloc      N/A          36%         3    ####...


Dungeon Overview and Level Annotations

Branches:
Dungeon (3/15)

Altars:

Annotations:
D:1 exclusion: downstairs
D:2 Robin, Sigmund


Innate Abilities, Weirdness & Mutations

You cannot wear boots.
Your serpentine skin is tough. (AC +1)
You have supernaturally acute eyesight. (SInv)
Armour fits poorly on your strangely shaped body.
Your system is resistant to poisons. (rPois)
You cover ground very slowly.
You have a slow metabolism.
You can spit poison.


Message History

You kill the goblin!
You feel slightly more hungry. The goblin hits you with a +0 dagger.
* * * LOW HITPOINT WARNING * * *
Unknown command.
Unknown command.
You aren't carrying any potions.
Unknown command.
Okay, then.
Drop what? 11/52 slots (_ for help) (? for menu, Esc to quit)
Okay, then.
That item cannot be evoked!
You hit the goblin.
The goblin is severely wounded.
The goblin barely misses you.
You closely miss the goblin.
The goblin is severely wounded.
You barely miss the goblin.
The goblin is severely wounded.
The goblin hits you with a +0 dagger.
You die...

#.# ##
##.#
.##..####
.......
..... .g.
#g# #@#
#.# #+#


You could see 2 goblins.

Vanquished Creatures
  2 adders (D:2)
  A worm (D:1)
  A dart slug (D:2)
  A ball python (D:2)
  A giant cockroach (D:2)
  8 goblins
  3 hobgoblins
  3 jackals
  2 quokkas (D:2)
  A bat (D:2)
  A frilled lizard (D:2)
  4 kobolds
  3 rats
31 creatures vanquished.

Notes
Turn   | Place    | Note
-------+----------+-------------------------------------------
     0 | D:1      | MajorAdolf the Naga Wanderer began the quest for the Orb.
     0 | D:1      | MajorAdolf set off with the following items: a +2 shortbow,
                  | 22 arrows, a potion of curing, a +0 robe, a +0 dagger, a
                  | ration; and the following spell memorised: Summon Small
                  | Mammal; and the following spells available to memorise:
                  | Recall
     0 | D:1      | Reached XP level 1. HP: 18/18 MP: 2/2
   887 | D:1      | Reached skill level 1 in Short Blades
  1297 | D:1      | Reached XP level 2. HP: 4/25 MP: 3/3
  2307 | D:2      | Reached XP level 3. HP: 5/31 MP: 4/4
  2641 | D:2      | Identified the +1 helmet of Soz Miyr {rF- rN+ Dex+4}
  2641 | D:2      | Noticed Robin
  2907 | D:2      | Noticed Sigmund
  3328 | D:3      | Slain by a goblin

Levels and vault maps discovered:
D:1:      dpeg_arrival_rhombi, layout_loops_corners, nrook_uturn,
          grunt_decor_cap
D:2:      layout_rooms, first_ration, uniq_robin, uniq_sigmund
D:3:      layout_loops_corners, xom_butterflies, roderic_lattice_a,
          uniq_grinder, uniq_crazy_yiuf_cottage

Skill      XL: |  1  2  3 |
---------------+----------+-----
Short Blades   | 1 2 3 |  3.4
Fighting       | |  1.0
Bows           | |  1.0
Armour         | |  1.0
Stealth        | |  3.0
Spellcasting   | |  1.0
Summonings     | |  2.0
Poison Magic   | |  2.6

Action                   || total
-------------------------++-------
Melee: Dagger            ||   122
 Abil: Spit Poison       ||    30
  Use: Scroll            ||     7
       Potion            ||     2
  Eat: Chunk             ||     7
Armor: Robe              ||    20
Dodge: Dodged            ||    78
